cohdb
Replays
Latest Replays
All Replays
Popular Replays
Top Player Replays
Match Explorer
How It Works
Community
CoH3 Stats
Reddit
Sign in to upload your games and track your stats! →
Sign in with Steam
Match 45144393
Unlisted
Match 45144393
Overview
Messages
Build Orders
End
Panzergrenadier Squad
Selects Italian Infantry
250 Light Carrier
Panzergrenadier Squad
Construct Light Support Kompanie
Selects Defensive Operations
Panzerjäger Squad
2.5-tonne Medical Truck
Fire Support Elements
Pak 38 Mechanized Group
Selects Guastatori Squad
Guastatori Squad
Combat Half-tracks
MG34 Team
Selects Registered Artillery
Construct Panzerarmee Kommand
Selects Towed Cannone da 105/28 Field Howitzer
Panzer III L Medium Tank
Panzerpioneer Squad
Flak 36 Anti-tank Gun Team
Selects Territory Booby Traps
Selects Obice 305mm Barrage
Guastatori Squad
Walking Stuka Rocket Launcher
Panzer III L Medium Tank
le.IG 18 Mechanized Group
Panzer III L Medium Tank
UA - ♠ $imA ♠
stediscus
NooJ
Nibbel
0
0
Comments
sign in to comment!
No comments posted yet!